 Dungeon Crawl Stone Soup version 0.29.1-13-g9f3cf754e1 (webtiles) character file.

Game seed: 9991488842915955247

131 protoss039 the Digger (level 4, 33/33 HPs)
             Began as a Demonspawn Earth Elementalist on Feb 9, 2023.
             Got out of the dungeon alive.
             The game lasted 00:03:38 (2851 turns).

protoss039 the Digger (DsEE)                        Turns: 2851, Time: 00:03:39

Health: 33/33      AC:  2    Str:  8    XL:     4   Next: 91%
Magic:  8/8        EV: 11    Int: 25    God:
Gold:   131        SH:  9    Dex: 13    Spells: 6/9 levels left

rFire   . . .      SeeInvis .   j - +2 dagger (protect)
rCold   . . .      Faith    .   i - +1 buckler {reflect}
rNeg    . . .      Spirit   .   a - +0 robe
rPois   .          Reflect  +   (helmet restricted)
rElec   .          Harm     .   (no cloak)
rCorr   .          Rampage  .   (no gloves)
Will    .....                   (no boots)
Stlth   ++........              f - amulet of reflection
HPRegen 0.11/turn               h - +6 ring of intelligence
MPRegen 0.11/turn               (no ring)

@: no status effects
A: antennae 1, foul stench 2
a: no special abilities


You escaped.
You visited 1 branch of the dungeon, and saw 3 of its levels.

You collected 131 gold pieces.

Inventory:

Hand Weapons
 j - a +2 dagger of protection (weapon)
Armour
 a - a +0 robe (worn)
 i - a +1 buckler of reflection (worn)
 n - a +0 helmet
Jewellery
 f - an amulet of reflection (around neck)
 h - a +6 ring of intelligence (left hand)
 o - a ring of wizardry
Scrolls
 c - 2 scrolls of teleportation
 d - a scroll of identify
 e - a scroll of summoning
 k - a scroll of amnesia
 l - a scroll of blinking
 p - 2 scrolls of vulnerability {unknown}
Potions
 b - 2 potions of magic
 g - a potion of berserk rage {unknown}
 m - a potion of mutation
 q - a potion of curing {unknown}
 r - a potion of attraction {unknown}


   Skills:
 + Level 2.3 Fighting
 - Level 2.0 Dodging
 - Level 2.0 Stealth
 + Level 3.1 Spellcasting
 - Level 1.0 Transmutations
 + Level 3.6 Earth Magic


You had 6 spell levels left.
You knew the following spells:

 Your Spells              Type           Power      Damage    Failure   Level
a - Sandblast             Erth           42%        2d11      3%          1
b - Passwall              Tmut/Erth      12%        N/A       8%          2

Your spell library contained the following spells:

 Spells                   Type           Power      Damage    Failure   Level
 Stone Arrow              Conj/Erth      24%        3d8       19%         3
 Blink                    Tloc           6%         N/A       21%         2
 Lesser Beckoning         Tloc           3%         N/A       38%         3
 Petrify                  Tmut/Erth      15%        N/A       45%         4
 Leda's Liquefaction      Hex/Erth       6%         N/A       54%         4
 Lee's Rapid Deconstruct  Erth           10%        3d9*      65%         5
 Manifold Assault         Tloc           3%         N/A       98%         5
 Statue Form              Tmut/Erth      10%        N/A       100%        6


Dungeon Overview and Level Annotations

Branches:
Dungeon (3/15) Zot: 15116

Altars:


Innate Abilities, Weirdness & Mutations

You have a pair of small antennae on your head.
You sometimes emit foul miasma when damaged in melee.


Message History

There is an open door here.
There is a stone staircase leading down here.
There is an open door, spattered with blood here.
Items here: ))) [[[.
Key pressed, stopping explore.
No target in view!
There is an open door here.
Key pressed, stopping explore.
No target in view!
Things that are here:
a +0 short sword; a +2 leather armour of cold resistance
Items here: ))) [[[.
There is an open door, spattered with blood here.
Done exploring.
No target in view!
Done exploring.
No target in view!
Done exploring.
Done exploring.
Done exploring.
(D) Dungeon
Where to? (Enter - D:2 @ (x,y), ? - help)
What level of the Dungeon? (default 1, ? - help)
There is a stone staircase leading up here.
You climb upwards.
There is a stone staircase leading down here.
You see here a potion of degeneration.
There is a stone staircase leading up here.
You climb upwards.
There is a stone staircase leading down here.
There is an open door here.
There is a staircase leading out of the dungeon here.
Are you sure you want to leave the Dungeon?
This will make you lose the game! [Y]es or [N]o only, please.
Are you sure you want to leave the Dungeon?
This will make you lose the game!
Alright, then stay!
Unknown command.
Unknown command.
Are you sure you want to leave the Dungeon?
This will make you lose the game!
You have escaped!

#...........# ###########.#
####### #...# #...[.# #.#.#
#.###.# ####'#### ..# #.#
#.......#
#.###.#######.8.8.8.###
#..........##.......#.#
....######..'.8.@.8.'.# ###.#
####.......#.# #.# #.8.8.8.#.#
### #.# #.......#.# ##.## #.#
####'####.# ##...## #.#
#.####.#####.....#
#.############.................
#....................####.....#
#.##########.######.## ##...##


There were no monsters in sight!

Vanquished Creatures
  A hound (D:3)
  An orc priest (D:3)
  An adder (D:2)
  A worm (D:2)
  A dart slug (D:1)
  4 orcs (D:3)
  3 endoplasms
  2 giant cockroaches (D:2)
  6 goblins
  3 hobgoblins
  4 jackals (D:1)
  3 kobolds
  5 quokkas
  3 ball pythons
  4 bats
  A frilled lizard (D:1)
  8 rats
51 creatures vanquished.

Notes
Turn   | Place    | Note
-------+----------+-------------------------------------------
     0 | D:1      | protoss039 the Demonspawn Earth Elementalist began the
                  | quest for the Orb.
     0 | D:1      | Reached XP level 1. HP: 13/13 MP: 3/3
   211 | D:1      | Reached skill level 1 in Transmutations
   453 | D:1      | Gained mutation: You may rarely emit foul miasma when
                  | damaged in melee. [demonic ancestry]
   453 | D:1      | Reached XP level 2. HP: 20/20 MP: 0/5
  1130 | D:1      | Reached skill level 1 in Fighting
  1497 | D:1      | Learned a level 2 spell: Passwall
  1533 | D:2      | Gained mutation: You sometimes emit foul miasma when
                  | damaged in melee. [demonic ancestry]
  1533 | D:2      | Reached XP level 3. HP: 26/26 MP: 4/6
  2043 | D:3      | Discovered your monstrous ancestry.
  2043 | D:3      | Gained mutation: You have a pair of small antennae on your
                  | head. [demonic ancestry]
  2043 | D:3      | Reached XP level 4. HP: 28/33 MP: 6/8
  2851 | D:$      | Got out of the dungeon alive.

Illustrated notes

Levels and vault maps discovered:
D:1:      doesnt_arrival_eight_statues, layout_loops_ring,
          nicolae_figureground_sparkle
D:2:      layout_rooms, kennysheep_generic_room_15
D:3:      layout_basic, minmay_tree_intersection, minmay_misc_feat_alley,
          minmay_misc_feat_room

Skill      XL: |  1  2  3  4 |
---------------+-------------+-----
Transmutations | 1 |  1.0
Dodging        | 2 |  2.0
Stealth        | 2 |  2.0
Earth Magic    | 3 |  3.6
Fighting       | 1 2 |  2.3
Spellcasting   | 3 |  3.1

Action                   |  1- 3 |  4- 6 || total
-------------------------+-------+-------++-------
Melee: Unarmed           |     3 |       ||     3
       Club              |    24 |       ||    24
       Dagger            |    69 |    10 ||    79
 Cast: Sandblast         |    33 |    11 ||    44
  Use: Scroll            |     6 |       ||     6
 Stab: Sleeping          |     5 |       ||     5
Armor: Robe              |    27 |     6 ||    33
Dodge: Dodged            |    55 |     8 ||    63
Block: Buckler           |    26 |     6 ||    32
       Reflection        |       |     1 ||     1
